 Dungeon Crawl Stone Soup version 0.30-a0-561-g1b0378597e (webtiles) character file.

Game seed: 12491165293871519687

1208 Mlamla the Cleaver (level 8, -2/87 HPs)
             Began as an Ogre Gladiator on Dec 28, 2022.
             Was an Elder of Cheibriados.
             Slain by Edmund
             ... wielding a +4 flail of distortion
              (12 damage)
             ... on level 6 of the Dungeon.
             The game lasted 00:15:53 (4625 turns).

Mlamla the Cleaver (Ogre Gladiator)                 Turns: 4625, Time: 00:15:54

Health: -2/87      AC:  3    Str: 31    XL:     8   Next: 45%
Magic:  17/17      EV: 12    Int: 19    God:    Cheibriados [****..]
Gold:   16         SH:  0    Dex: 20    Spells: 7/7 levels left

rFire   . . .      SeeInvis .    F - +2 war axe (flame)
rCold   + . .      Faith    .    (no shield)
rNeg    . . .      Spirit   .    b - +0 robe
rPois   .          Reflect  .    c - +0 hat
rElec   .          Harm     .    (no cloak)
rCorr   .          Rampage  .    (gloves unavailable)
Will    .....                    (boots unavailable)
Stlth   ++                       C - amulet of the acrobat
HPRegen 0.34/turn                p - ring of magical power
MPRegen 0.15/turn                H - ring of protection from cold

@: very slow
A: large, unfitting armour, tough skin 1
a: Renounce Religion, Bend Time, Temporal Distortion, Slouch


You were on level 6 of the Dungeon.
You worshipped Cheibriados.
Cheibriados was greatly pleased with you.
You visited 1 branch of the dungeon, and saw 6 of its levels.

You collected 276 gold pieces.
You spent 260 gold pieces at shops.

Inventory:

Hand Weapons
 a - a +0 war axe
 k - a +2 short sword of draining
 v - a +0 giant club
 E - a +0 whip of venom
 F - a +2 war axe of flaming (weapon)
Missiles
 d - 2 throwing nets (quivered)
 e - a large rock
 m - 6 poisoned darts
 w - 5 atropa-tipped darts
 A - 6 boomerangs
Armour
 b - a +0 robe (worn)
 c - a +0 hat (worn)
Jewellery
 p - a ring of magical power (left hand)
 C - an amulet of the acrobat (around neck)
 H - a ring of protection from cold (right hand)
Wands
 q - a wand of charming (12)
 y - a wand of flame (25)
Scrolls
 f - a scroll of noise
 h - a scroll of torment
 j - 2 scrolls of immolation
 n - a scroll of fear
 s - a scroll of enchant armour
 u - a scroll of magic mapping
 z - 3 scrolls of identify
 D - 4 scrolls of teleportation
Potions
 g - 3 potions of lignification
 i - 3 potions of might {unknown}
 l - a potion of mutation {unknown}
 o - 2 potions of heal wounds
 r - 2 potions of flight {unknown}
 t - a potion of attraction {unknown}
 x - a potion of berserk rage {unknown}
 B - 3 potions of curing
 G - a potion of brilliance {unknown}
 I - a potion of invisibility
 J - a potion of degeneration


   Skills:
 * Level 7.1 Fighting
 + Level 8.1 Axes
 - Level 2.0 Throwing
 + Level 4.3 Dodging


You had 7 spell levels left.
You didn't know any spells.
Your spell library contained the following spells:

 Spells                   Type           Power      Damage    Failure   Level
 Kiss of Death            Conj/Necr      0%         2d5       21%         1
 Sting                    Tmut/Pois      0%         1d3       21%         1
 Poisonous Vapours        Pois/Air       0%         N/A       30%         2
 Confusing Touch          Hex            0%         N/A       52%         3
 Ignite Poison            Fire/Tmut/Pois 0%         N/A       52%         3
 Dispel Undead            Necr           0%         3d6       90%         4
 Olgreb's Toxic Radiance  Pois           0%         N/A       90%         4
 Sticky Flame             Conj/Fire      0%         2d3       90%         4
 Ignition                 Fire           0%         3d3       100%        8


Dungeon Overview and Level Annotations

Branches:
Dungeon (6/15)             Temple (0/1) D:4

Altars:
Cheibriados
Dithmenos
Fedhas
Gozag
Okawaru
Ru

Shops:
D:4 (   D:5 !

Annotations:
D:6 Dowan, Edmund


Innate Abilities, Weirdness & Mutations

You are too large for most types of armour.
You have tough skin. (AC +1)


Message History

The grasping roots constrict you.
You slash Duvessa! You burn Duvessa!
Duvessa is severely wounded.
You slash Edmund! You burn Edmund. You hit Dowan but do no damage.
Edmund hits you with a +4 flail of distortion!
Space warps horribly around you! Dowan hits you with a +0 dagger.
Duvessa hits you with a +0 short sword. The grasping roots constrict you.
* * * LOW HITPOINT WARNING * * *
Okay, then.
Okay, then.
Unknown command.
Okay, then.
You hit Duvessa. You burn Duvessa.
Duvessa is severely wounded.
You hit Dowan. You burn Dowan. You hit Edmund but do no damage.
Edmund barely misses you. Dowan closely misses you. Duvessa closely misses you.
The grasping roots constrict you!
* * * LOW HITPOINT WARNING * * *
The grasping roots release their grip on you.
You barely miss Duvessa.
Duvessa is severely wounded.
You barely miss Dowan. You hit Edmund. You burn Edmund.
Edmund closely misses you. Dowan hits you with a +0 dagger.
* * * LOW HITPOINT WARNING * * *
Duvessa zaps a wand.
The roots erupt in riotous growth!
The grasping roots grab you!
Duvessa is unaffected.
Dowan is unaffected.
Edmund is unaffected.
The grasping roots constrict you.
* * * LOW HITPOINT WARNING * * *
You slash Duvessa! You burn Duvessa.
You kill Duvessa!
Cheibriados appreciates the change of pace.
Dowan seems overcome with grief.
Dowan seems to find hidden reserves of power!
You hit Dowan. You burn Dowan. You slash Edmund! You burn Edmund.
Dowan hits you with a +0 dagger.
* * * LOW HITPOINT WARNING * * *
Edmund says, "I might not be good at magic, but I can still kill you!"
Edmund hits you with a +4 flail of distortion!
You die...

###...# #.#.#
#.#.# #.#.# #.#.#
#.#.# #.#.###.#.#
######.....!....
.......e@#####.
######.)@......#
.#######.########
.........#
##########


You could see Edmund and Dowan (fast).

Vanquished Creatures
  Prince Ribbit (D:5)
  Grinder (D:5)
  Menkaure (D:5)
  Duvessa (D:6)
  An ice beast (D:5)
  A black bear (D:5)
  2 ogres (D:4)
  A scorpion (D:5)
  2 hounds
  A jelly (D:5)
  Ijyb (D:4)
  4 gnolls
  5 adders
  A dart slug (D:1)
  2 worms
  13 orcs
  5 bats
  5 endoplasms
  6 giant cockroaches
  5 goblins
  2 hobgoblins
  3 jackals (D:2)
  5 quokkas
  2 ball pythons
  6 frilled lizards
  7 kobolds
  6 rats
  A butterfly (D:4)
91 creatures vanquished.

Notes
Turn   | Place    | Note
-------+----------+-------------------------------------------
     0 | D:1      | Mlamla the Ogre Gladiator began the quest for the Orb.
     0 | D:1      | Reached XP level 1. HP: 22/22 MP: 1/1
   105 | D:1      | Found a faded altar of an unknown god.
   113 | D:1      | Prayed at the altar of an unknown god.
   113 | D:1      | Became a worshipper of Cheibriados the Contemplative
   113 | D:1      | Reached * piety under Cheibriados
   295 | D:1      | Reached XP level 2. HP: 23/26 MP: 2/2
   691 | D:1      | Reached ** piety under Cheibriados
   790 | D:2      | Reached XP level 3. HP: 35/36 MP: 3/3
   835 | D:2      | Reached skill level 4 in Axes
   890 | D:2      | Reached XP level 4. HP: 39/45 MP: 4/4
  2039 | D:3      | Reached *** piety under Cheibriados
  2064 | D:3      | Found a blossoming altar of Fedhas.
  2400 | D:4      | Noticed an ogre
  2410 | D:4      | Killed an ogre
  2411 | D:4      | Reached skill level 5 in Axes
  2411 | D:4      | Reached XP level 5. HP: 43/53 MP: 5/5
  2516 | D:4      | Noticed Ijyb
  2518 | D:4      | Found Ydaytt's Antique Weapon Boutique.
  2525 | D:4      | Killed Ijyb
  2526 | D:4      | Reached XP level 6. HP: 50/62 MP: 6/6
  2554 | D:4      | Found an iron altar of Okawaru.
  2679 | D:4      | Found a staircase to the Ecumenical Temple.
  2692 | D:4      | Reached skill level 6 in Axes
  2901 | D:4      | Found a shadowy altar of Dithmenos.
  3121 | D:5      | Entered Level 5 of the Dungeon
  3151 | D:5      | Noticed Menkaure
  3158 | D:5      | Killed Menkaure
  3159 | D:5      | Reached XP level 7. HP: 55/71 MP: 7/7
  3254 | D:5      | Reached **** piety under Cheibriados
  3257 | D:5      | Reached skill level 7 in Axes
  3380 | D:5      | Noticed Grinder
  3388 | D:5      | Paralysed by Grinder for 3 turns
  3397 | D:5      | Killed Grinder
  3398 | D:5      | Reached skill level 5 in Fighting
  3618 | D:5      | Reached XP level 8. HP: 46/83 MP: 8/8
  3838 | D:5      | Noticed Prince Ribbit
  3856 | D:5      | Killed Prince Ribbit
  3921 | D:5      | Found the +3 pair of mountain boots {steadfast, rC+}
  3951 | D:5      | Reached skill level 8 in Axes
  4056 | D:5      | Found an opulent altar of Gozag.
  4065 | D:5      | Found a snail-covered altar of Cheibriados.
  4290 | D:5      | Found Giddem's Distillery.
  4298 | D:5      | Bought a potion of invisibility for 104 gold pieces
  4298 | D:5      | Bought a potion of heal wounds for 65 gold pieces
  4298 | D:5      | Bought a potion of degeneration for 13 gold pieces
  4298 | D:5      | Bought a potion of curing for 39 gold pieces
  4298 | D:5      | Bought a potion of lignification for 39 gold pieces
  4455 | D:5      | Found a sacrificial altar of Ru.
  4617 | D:6      | Noticed Duvessa
  4617 | D:6      | Noticed Dowan
  4617 | D:6      | Noticed Edmund
  4625 | D:6      | Killed Duvessa
  4625 | D:6      | Slain by Edmund

Illustrated notes

Levels and vault maps discovered:
D:1:      heliophobic_arrival_dark_side_of_the_moon, layout_loops_ring,
          hellmonk_ecumenical_altar_run_dry
D:2:      layout_basic
D:3:      layout_basic, fedhas_altar_4
D:4:      layout_rooms, okawaru_altar_gauntlet_db,
          nicolae_dithmenos_the_darkroom, minmay_temple_entry_butterflies,
          serial_shops, shop, uniq_ijyb
D:5:      nicolae_cairo_tiling, layout_cave_pods, hangedman_ru_absence,
          mainiacjoe_overflow_swirl, serial_shops, shop, uniq_grinder,
          uniq_prince_ribbit1, uniq_menkaure
D:6:      cheibrodos_iron_armory, layout_loops_ring, lemuel_crystal_altar,
          uniq_duvessa, uniq_edmund

Skill      XL: |  1  2  3  4  5  6  7  8 |
---------------+-------------------------+-----
Fighting       | 3 4 6 7 |  7.1
Axes           | 4 5 6 7 8 |  8.1
Dodging        | 3 4 |  4.3
Throwing       | |  2.0

Action                   |  1- 3 |  4- 6 |  7- 9 || total
-------------------------+-------+-------+-------++-------
Melee: War axe           |    49 |   120 |    67 ||   236
       Punch             |       |     1 |     1 ||     2
Throw: Dart              |       |     3 |       ||     3
       Throwing net      |       |     1 |       ||     1
  Use: Scroll            |       |     7 |       ||     7
 Stab: Sleeping          |     3 |     2 |       ||     5
       Held in net/web   |       |     1 |       ||     1
Armor: Robe              |    15 |    36 |    12 ||    63
Dodge: Dodged            |    22 |    74 |    46 ||   142

Table legend: (Time is in decaauts)
 A = Elapsed time spent in this place.
 B = Non-inter-level travel time spent in this place.
 C = Inter-level travel time spent in this place.
 D = Time resting spent in this place.
 E = Time spent auto-exploring this place.
 F = Levels seen in this place.
 G = Mean time per level.
                   A        B        C        D        E       F      G
               +--------+--------+--------+--------+--------+-----+--------+
         Total |   6433 |   6196 |    237 |   1103 |   3542 |   6 | 1072.2 |
       Dungeon |   6433 |   6196 |    237 |   1103 |   3542 |   6 | 1072.2 |
               +--------+--------+--------+--------+--------+-----+--------+

Top non-repeatable levels by time:
     D:5: 2117 daAuts
     D:2: 1464 daAuts
     D:4: 986 daAuts
     D:1: 948 daAuts
     D:3: 887 daAuts
     D:6: 28 daAuts
